 Dungeon Crawl Stone Soup version 0.30-a0-847-g17996783a1 (webtiles) character file.

Game seed: 7968892517551081142

266 holysushi the Cutter (level 6, 33/47 HPs)
             Began as a Demonspawn Monk on Mar 3, 2023.
             Quit the game on level 3 of the Dungeon.
             The game lasted 00:03:15 (3304 turns).

holysushi the Cutter (Demonspawn Monk)              Turns: 3304, Time: 00:03:15

Health: 33/47      AC:  2    Str: 11    XL:     6   Next: 0%
Magic:  6/6        EV: 13    Int: 12    God:
Gold:   134        SH:  0    Dex: 17    Spells: 5/5 levels left

rFire   . . .      SeeInvis .    o - +1 short sword (protect)
rCold   . . .      Faith    .    (no shield)
rNeg    + . .      Spirit   .    b - +0 robe
rPois   .          Reflect  .    (helmet restricted)
rElec   .          Rampage  .    (no cloak)
rCorr   .                        (no gloves)
Will    .....                    (no boots)
Stlth   ++                       (no amulet)
HPRegen 0.27/turn                q - ring of positive energy
MPRegen 0.10/turn                (no ring)

@: no status effects
A: horns 1, powered by pain 1, spiny 1
a: no special abilities


You were on level 3 of the Dungeon.
You visited 1 branch of the dungeon, and saw 3 of its levels.

You collected 134 gold pieces.

Inventory:

Hand Weapons
 a - a +0 short sword
 o - a +1 short sword of protection (weapon)
Armour
 b - a +0 robe (worn)
Jewellery
 q - a ring of positive energy (left hand)
Wands
 g - a wand of flame (18)
Scrolls
 c - a scroll of blinking {unknown}
 d - 2 scrolls of fear {unknown}
 e - 3 scrolls of magic mapping {unknown}
 f - a scroll of amnesia {unknown}
 j - a scroll of immolation {unknown}
 k - a scroll of teleportation {unknown}
 n - 3 scrolls of enchant weapon {unknown}
 r - a scroll of brand weapon {unknown}
Potions
 h - a potion of degeneration {unknown}
 i - 3 potions of lignification {unknown}
 l - a potion of berserk rage {unknown}
 m - a potion of attraction {unknown}
 p - a potion of heal wounds {unknown}


   Skills:
 - Level 3.0 Fighting
 + Level 6.1 Short Blades
 - Level 2.6 Dodging
 - Level 1.7 Stealth


You had 5 spell levels left.
You didn't know any spells.
Your spell library contained the following spells:

 Spells                   Type           Power      Damage    Failure   Level
 Freeze                   Ice            0%         1d3       32%         1
 Frozen Ramparts          Ice            0%         1d1       69%         3
 Hailstorm                Conj/Ice       0%         3d3       69%         3


Dungeon Overview and Level Annotations

Branches:
Dungeon (3/15) Zot: 14777

Altars:
Cheibriados
Okawaru


Innate Abilities, Weirdness & Mutations

You have a pair of small horns on your head.
You sometimes gain a little power by taking damage.
You are partially covered in sharp spines.


Message History

You kill the orc!
The orc misses you.
You barely miss the orc.
The orc is almost dead.
The orc misses you. The orc barely misses you.
You closely miss the orc. You headbutt the orc.
You kill the orc!
You hit the dart slug.
The dart slug is heavily wounded.
The orc hits you but does no damage.
You hit the dart slug but do no damage.
The dart slug is heavily wounded.
The orc hits you but does no damage. The dart slug launches a dart at you.
The slug dart misses you.
You hit the dart slug. You headbutt the dart slug.
You kill the dart slug!
The orc hits you from afar with a +0 trident.
Found a pair of gloves.
The orc hits you but does no damage.
Items here: )) [ ††.
The orc hits you with a +0 trident.
You closely miss the orc. Your punch misses the orc. The orc barely misses you.
You barely miss the orc. You headbutt the orc.
The orc is lightly wounded.
The orc hits you with a +0 trident! The orc attacks as you move away!
The orc hits you with a +0 trident. The orc misses you.
The orc barely misses you.
You closely miss the orc.
The orc is lightly wounded.
The orc barely misses you.
You closely miss the orc. You headbutt the orc.
The orc is heavily wounded.
You closely miss the orc. You headbutt the orc.
You kill the orc!
You have reached level 6!
Your demonic ancestry asserts itself...
Sharp spines emerge from parts of your body.
Are you sure you want to abandon this character and quit the game? (Confirm with "yes".)

###########
.......[..# ##
#@..# #. #...#
##. #...## ##.)
#...)#### #..#
#....)..# #.##
###..##.# #.#
##.##.## #.#
#.##..# #.##
#.###.######.#.


There were no monsters in sight!

Vanquished Creatures
  An orc priest (D:2)
  Natasha (thrice) (D:3)
  2 orc wizards
  3 adders
  2 worms (D:3)
  4 dart slugs
  5 orcs
  6 ball pythons
  2 bats
  5 endoplasms (D:1)
  4 giant cockroaches
  3 goblins (D:1)
  4 hobgoblins
  7 kobolds
  2 quokkas
  15 frilled lizards
  7 rats
75 creatures vanquished.

Vanquished Creatures (others)
  A fungus (D:2)
  41 plants
42 creatures vanquished.

Grand Total: 117 creatures vanquished

Notes
Turn   | Place    | Note
-------+----------+-------------------------------------------
     0 | D:1      | holysushi the Demonspawn Monk began the quest for the Orb.
     0 | D:1      | Reached XP level 1. HP: 18/18 MP: 1/1
    53 | D:1      | Reached skill level 3 in Short Blades
   228 | D:1      | Gained mutation: You sometimes gain a little power by
                  | taking damage. [demonic ancestry]
   228 | D:1      | Reached XP level 2. HP: 20/24 MP: 2/2
   666 | D:1      | Reached XP level 3. HP: 29/29 MP: 3/3
   983 | D:1      | Reached skill level 4 in Short Blades
  1409 | D:2      | Found a faded altar of an unknown god.
  2383 | D:3      | Reached XP level 4. HP: 30/35 MP: 4/4
  2628 | D:2      | Reached skill level 5 in Short Blades
  2777 | D:3      | HP: 1/35 [something/puff of flame (5)]
  2787 | D:3      | Gained mutation: You have a pair of small horns on your
                  | head. [demonic ancestry]
  2787 | D:3      | Reached XP level 5. HP: 23/41 MP: 5/5
  2877 | D:3      | Noticed Natasha
  2893 | D:3      | Killed Natasha
  2930 | D:3      | Noticed Natasha
  2943 | D:3      | Killed Natasha
  3066 | D:3      | Noticed Natasha
  3075 | D:3      | Killed Natasha
  3076 | D:3      | Reached skill level 6 in Short Blades
  3121 | D:3      | Found a snail-covered altar of Cheibriados.
  3161 | D:3      | Found an iron altar of Okawaru.
  3300 | D:3      | Gained mutation: You are partially covered in sharp spines.
                  | [demonic ancestry]
  3300 | D:3      | Reached XP level 6. HP: 32/47 MP: 6/6
  3304 | D:3      | Quit the game

Illustrated notes

Levels and vault maps discovered:
D:1:      roderic_crop_circles_arrival_small, layout_loops_ring
D:2:      layout_basic, shapermc_ecumenical_altar_mp_ritualfount,
          grunt_ministairs_6, minmay_lizard_pond, uniq_crazy_yiuf_cottage
D:3:      layout_rooms, mainiacjoe_overflow_24_doors,
          kennysheep_okawaru_gauntlet, nicolae_ashenzari_panopticon,
          uniq_natasha

Skill      XL: |  1  2  3  4  5 |
---------------+----------------+-----
Short Blades   | 3 4 5 6 |  6.1
Fighting       | |  3.0
Dodging        | |  2.6
Stealth        | |  1.7

Action                     |  1- 3 |  4- 6 || total
---------------------------+-------+-------++-------
  Melee: Short sword       |   207 |   170 ||   377
         Headbutt          |       |    15 ||    15
         Punch             |       |     5 ||     5
    Use: Potion            |     1 |     4 ||     5
   Stab: Sleeping          |     7 |       ||     7
 Armour: Robe              |    19 |    43 ||    62
  Dodge: Dodged            |   110 |    89 ||   199

Table legend: (Time is in decaauts)
 A = Elapsed time spent in this place.
 B = Non-inter-level travel time spent in this place.
 C = Inter-level travel time spent in this place.
 D = Time resting spent in this place.
 E = Time spent auto-exploring this place.
 F = Levels seen in this place.
 G = Mean time per level.
                   A        B        C        D        E       F      G
               +--------+--------+--------+--------+--------+-----+--------+
         Total |   3222 |   3140 |     82 |    861 |   1571 |   3 | 1074.0 |
       Dungeon |   3222 |   3140 |     82 |    861 |   1571 |   3 | 1074.0 |
               +--------+--------+--------+--------+--------+-----+--------+

Top non-repeatable levels by time:
     D:2: 1378 daAuts
     D:1: 1256 daAuts
     D:3: 587 daAuts
